 Dungeon Crawl Stone Soup version 0.30-a0-54-g2e61a25929 (webtiles) character file.

Game seed: 10041752835247468063

103 jlumianski the Chopper (level 4, 0/33 HPs)
             Began as a Demonspawn Gladiator on Sept 9, 2022.
             Slain by Terence
             ... wielding a +0 trident
              (2 damage)
             ... on level 2 of the Dungeon.
             The game lasted 00:06:04 (1775 turns).

jlumianski the Chopper (Demonspawn Gladiator)       Turns: 1775, Time: 00:06:05

Health: 0/33       AC:  8    Str: 13 (16) XL:     4   Next: 51%
Magic:  4/4        EV: 11    Int: 11 (13) God:
Gold:   82         SH:  0    Dex: 11 (13) Spells: 3/3 levels left

rFire   . . .      SeeInvis .    a - +0 war axe
rCold   . . .      Faith    .    (no shield)
rNeg    . . .      Spirit   .    k - +0 ring mail
rPois   .          Reflect  .    c - +0 helmet
rElec   .          Harm     .    f - scarf {repulsion}
rCorr   .          Rampage  .    (no gloves)
Will    .....      Clarity  +    (no boots)
Stlth   +.........               (no amulet)
HPRegen 0.11/turn                (no ring)
MPRegen 0.09/turn                (no ring)

@: repel missiles
A: thin metallic scales 1, ignite blood 1, weakness stinger 1, clarity, clever
1, deterioration 1
a: no special abilities


You were on level 2 of the Dungeon.
You visited 1 branch of the dungeon, and saw 3 of its levels.

You collected 82 gold pieces.

Inventory:

Hand Weapons
 a - a +0 war axe (weapon)
Missiles
 d - 3 throwing nets
 e - 3 javelins (quivered)
 p - 4 curare-tipped darts
Armour
 b - a +0 leather armour
 c - a +0 helmet (worn)
 f - a scarf of repulsion (worn)
 k - a +0 ring mail (worn)
Scrolls
 h - a scroll of blinking {unknown}
 i - a scroll of teleportation {unknown}
 j - 3 scrolls of identify {unknown}
 l - a scroll of enchant armour {unknown}
 r - a scroll of magic mapping {unknown}
Potions
 m - a potion of lignification {unknown}
 n - a potion of might {unknown}
 o - a potion of attraction {unknown}
 q - a potion of degeneration


   Skills:
 + Level 2.1 Fighting
 + Level 3.7 Axes
 + Level 1.8 Throwing
 + Level 1.6 Armour
 + Level 3.4 Dodging


You had 3 spell levels left.
You didn't know any spells.
Your spell library was empty.

Dungeon Overview and Level Annotations

Branches:
Dungeon (3/15)

Altars:

Annotations:
D:2 Terence


Innate Abilities, Weirdness & Mutations

You are partially covered in thin metallic scales. (AC +2)
Your demonic aura sometimes causes spilled blood to erupt in flames.
You have a small tail.
You possess an exceptional clarity of mind.
Your mind is acute. (Int +4, Str/Dex -1)
Your body sometimes deteriorates upon taking damage.


Message History

You hit the goblin.
You kill the goblin!
Terence barely misses you. Terence hits you with a +0 trident.
You see here a worm corpse.
You closely miss Terence. Terence barely misses you.
You hit Terence but do no damage. Terence hits you with a +0 trident!
Terence closely misses you.
You barely miss Terence. Terence hits you with a +0 trident!
You hit Terence but do no damage. Terence closely misses you.
You closely miss Terence.
You tail-slap Terence, but do no damage.
Terence misses you. Terence hits you with a +0 trident.
You barely miss Terence. Terence hits you with a +0 trident.
* * * LOW HITPOINT WARNING * * *
You closely miss Terence.
You tail-slap Terence, but do no damage.
Terence hits you but does no damage.
Unknown command.
You hit Terence.
You tail-slap Terence, but do no damage.
Terence is lightly wounded.
Terence closely misses you.
You barely miss Terence. You tail-slap Terence.
Terence is lightly wounded.
Terence hits you with a +0 trident.
* * * LOW HITPOINT WARNING * * *
Terence hits you but does no damage.
It was a potion of degeneration.
There was something very wrong with that liquid.
You feel weakened.
You feel dopey.
You feel clumsy. Terence completely misses you.
It was a potion of mutation.
You feel extremely strange.
You feel clever.
You feel yourself wasting away.
Your thoughts seem clearer.
Terence hits you with a +0 trident.
* * * LOW HITPOINT WARNING * * *
You hit Terence.
Terence is moderately wounded.
Terence hits you with a +0 trident.
You die...

## #. #############.
############...........#.
.................#####...
.......)@###.##### #.#.
.###.##.@# #.# #.#. #
#..# #.# #.#. #..# #.#
#.#. .... #.# #.#. ##..#
#.# .... .... #.# ###.
#.... .... .........
........


You could see Terence.

Vanquished Creatures
  4 gnolls (D:2)
  3 adders (D:2)
  A worm (D:2)
  2 dart slugs (D:1)
  2 orcs (D:2)
  4 ball pythons
  4 bats
  An endoplasm (D:1)
  5 goblins
  2 hobgoblins
  3 frilled lizards
  A kobold (D:1)
  2 rats
34 creatures vanquished.

Notes
Turn   | Place    | Note
-------+----------+-------------------------------------------
     0 | D:1      | jlumianski the Demonspawn Gladiator began the quest for the
                  | Orb.
     0 | D:1      | Reached XP level 1. HP: 16/16 MP: 1/1
   205 | D:1      | Gained mutation: You have a small tail. [demonic ancestry]
   205 | D:1      | Reached XP level 2. HP: 22/22 MP: 2/2
   758 | D:2      | Found a faded altar of an unknown god.
   913 | D:1      | You fall into a shaft and drop 1 floor!
   934 | D:2      | Gained mutation: You are partially covered in thin metallic
                  | scales. (AC +2) [demonic ancestry]
   934 | D:2      | Reached XP level 3. HP: 27/27 MP: 3/3
  1296 | D:2      | Reached skill level 1 in Armour
  1312 | D:2      | Gained mutation: Your demonic aura sometimes causes spilled
                  | blood to erupt in flames. [demonic ancestry]
  1312 | D:2      | Reached XP level 4. HP: 12/33 MP: 4/4
  1759 | D:2      | Noticed Terence
  1774 | D:2      | Gained mutation: Your mind is acute. (Int +4, Str/Dex -1)
                  | [potion of mutation]
  1774 | D:2      | Gained mutation: Your body sometimes deteriorates upon
                  | taking damage. [potion of mutation]
  1774 | D:2      | Gained mutation: You possess an exceptional clarity of
                  | mind. [potion of mutation]
  1775 | D:2      | Slain by Terence

Illustrated notes

Levels and vault maps discovered:
D:1:      dpeg_arrival_short_road, layout_loops_cross, serial_glass,
          glass_columns_b, glass_columns_a
D:2:      layout_basic, chequers_ecumenical_altar_simple_redux, uniq_terence,
          uniq_robin
D:3:      layout_basic, nicolae_yredelemnul_ghost_church, jmf_multi_god_temple2,
          serial_shops, shop

Skill      XL: |  1  2  3 |
---------------+----------+-----
Dodging        | 3 |  3.4
Axes           | 3 |  3.7
Armour         | 1 |  1.6
Fighting       | |  2.1
Throwing       | |  1.8

Action                   |  1- 3 |  4- 6 || total
-------------------------+-------+-------++-------
Melee: War axe           |    65 |    24 ||    89
       Tailslap          |     9 |     6 ||    15
Throw: Javelin           |     3 |       ||     3
  Use: Scroll            |     1 |       ||     1
       Potion            |       |     2 ||     2
Armor: Leather armour    |    16 |       ||    16
       Ring mail         |    23 |     3 ||    26
Dodge: Dodged            |    66 |    19 ||    85
       Repelled          |     1 |       ||     1

Table legend: (Time is in decaauts)
 A = Elapsed time spent in this place.
 B = Non-inter-level travel time spent in this place.
 C = Inter-level travel time spent in this place.
 D = Time resting spent in this place.
 E = Time spent auto-exploring this place.
 F = Levels seen in this place.
 G = Mean time per level.
                   A        B        C        D        E       F      G
               +--------+--------+--------+--------+--------+-----+--------+
         Total |   1808 |   1786 |     22 |    504 |    563 |   3 |  602.7 |
       Dungeon |   1808 |   1786 |     22 |    504 |    563 |   3 |  602.7 |
               +--------+--------+--------+--------+--------+-----+--------+

Top non-repeatable levels by time:
     D:1: 1022 daAuts
     D:2: 748 daAuts
     D:3: 37 daAuts
